 Dungeon Crawl Stone Soup version 0.31.0-9-g3a7656b989 (webtiles) character file.

Game seed: 3402352140651784879

119 qw the Skirmisher (level 4, 0/25 HPs)
             Began as a Deep Elf Hunter on Feb 2, 2024.
             Succumbed to a kobold brigand's poison
             ... in a sewer.
             The game lasted 00:00:05 (1852 turns).

qw the Skirmisher (Deep Elf Hunter)                 Turns: 1852, Time: 00:00:06

Health: 0/25       AC:  5    Str: 10    XL:     4   Next: 73%
Magic:  6/6        EV: 11    Int: 14    God:
Gold:   166        SH:  0    Dex: 18    Spells: 3/3 levels left

rFire   . . .        a - +0 shortbow
rCold   + . .        (shield currently unavailable)
rNeg    . . .        b - +0 ring mail
rPois   .            (no helmet)
rElec   .            (no cloak)
rCorr   .            (no gloves)
SInv    .            (no boots)
Will    .....        (no amulet)
Stlth   +            d - ring of protection from cold
HPRegen 0.24/turn    (no ring)
MPRegen 0.10/turn

%: no passive effects
@: lethally poisoned (0 -> -1), very slow
A: no striking features
a: no special abilities


You were in a sewer.
You visited 1 branch of the dungeon, and saw 3 of its levels.
You also visited: Sewer.

You collected 166 gold pieces.


   Skills:
 - Level 1.5 Fighting
 + Level 8.1 Ranged Weapons
 - Level 2.4 Dodging
 - Level 1.2 Stealth


You had 3 spell levels left.
You didn't know any spells.
Your spell library was empty.

Inventory:

Hand Weapons
 a - a +0 shortbow (weapon)
Armour
 b - a +0 ring mail (worn)
Jewellery
 d - a ring of protection from cold (left hand)
Scrolls
 e - 4 scrolls of teleportation
Potions
 c - a potion of cancellation {unknown}
 g - a potion of resistance {unknown}
 h - a potion of haste {unknown}

Dungeon Overview and Level Annotations

Branches:
Dungeon (3/15)              Sewer (1/1)

Altars:

Annotations:
D:3 2 transporters


Message History

The arrow hits the kobold brigand but does no damage.
The kobold brigand is heavily wounded.
You feel very sick.
The kobold throws a stone.
The stone hits you but does no damage.
You shoot an arrow.
The arrow closely misses the kobold brigand.
The arrow hits the kobold brigand.
The kobold brigand is lightly wounded.
You feel very sick.
The kobold brigand throws a poisoned dart.
The poisoned dart barely misses you.
You shoot an arrow. The arrow hits the kobold brigand.
The kobold brigand is severely wounded.
You feel sick.
1847 ||| READING 5 scrolls of teleportation.
As you read the scroll of teleportation, it crumbles to dust.
You feel strangely unstable.
You feel sick. The kobold hits you but does no damage.
You shoot an arrow. The arrow hits the kobold brigand.
The kobold brigand is almost dead.
You feel sick. The kobold brigand closely misses you.
You shoot an arrow. The arrow hits the kobold brigand!
You kill the kobold brigand!
You hear a splash. x2
You feel sick. The kobold hits you but does no damage.
Your Ranged Weapons skill increases to level 8!
You have reached level 4!
You feel clever.
You shoot an arrow. The arrow hits the kobold brigand.
The kobold brigand is lightly wounded.
You feel sick. The kobold hits you but does no damage.
The kobold barely misses you. The kobold brigand barely misses you.
You shoot an arrow.
The arrow barely misses the kobold brigand.
Your surroundings suddenly seem different.
Splash!
You fall into the shallow water.
Moving in this stuff is going to be slow.
You feel sick.
There is a lethal amount of poison in your body!
You die...

#~#
#~#
#~#
#~#
#~#
#~#
#~#
#~#
#@#
#~#
#~#
#~#
#~#
#~#
#~#
#~#
#~#


There were no monsters in sight!

Vanquished Creatures
  A kobold brigand (Sewer)
  A dart slug (D:1)
  5 endoplasms
  A giant cockroach (D:2)
  A hobgoblin (D:1)
  3 jackals (D:1)
  11 kobolds
  A quokka (D:1)
  4 ball pythons (D:3)
  3 bats
  A frilled lizard (D:1)
  5 goblins
  9 rats
46 creatures vanquished.

Notes
Turn   | Place    | Note
-------+----------+-------------------------------------------
     0 | D:1      | qw the Deep Elf Hunter began the quest for the Orb.
     0 | D:1      | Reached XP level 1. HP: 12/12 MP: 3/3
     0 | D:1      | 0 ||| qw: Version: 0.3-a-155-g5e7d8dd
     0 | D:1      | 0 ||| qw: Game counter: 2495
     0 | D:1      | 0 ||| qw: Melee chars always use a shield: true
     0 | D:1      | 0 ||| qw: God list: Okawaru
     0 | D:1      | 0 ||| qw: Allow faded altars: false
     0 | D:1      | 0 ||| qw: Do Orc after clearing Dungeon:15 true
     0 | D:1      | 0 ||| qw: Do second Lair branch before Depths: true
     0 | D:1      | 0 ||| qw: Lair rune preference: random
     0 | D:1      | 0 ||| qw: Goals: Normal
     0 | D:1      | 0 ||| PLANNING D:1-11
    83 | D:1      | 83 ||| RETREEEEATING.
    84 | D:1      | 84 ||| RETREEEEATING.
    85 | D:1      | 85 ||| RETREEEEATING.
    86 | D:1      | 86 ||| RETREEEEATING.
    87 | D:1      | 87 ||| RETREEEEATING.
    91 | D:1      | Reached XP level 2. HP: 6/16 MP: 4/4
    92 | D:1      | Reached skill level 6 in Ranged Weapons
   325 | D:1      | Found a faded altar of an unknown god.
   707 | D:1      | 707 ||| READING 4 scrolls labelled SIOTWOBAUN.
   708 | D:1      | 708 ||| READING 5 scrolls labelled ZUITRIP OLENA.
   711 | D:1      | 711 ||| READING scroll labelled NOAPPI ZUOCS.
   712 | D:1      | 712 ||| READING scroll labelled JIUPSOYGOS.
   712 | D:1      | 712 ||| ENCHANTING +0 shortbow.
   713 | D:1      | 713 ||| DROPPING scroll of butterflies.
   714 | D:1      | 714 ||| DROPPING 3 scrolls of revelation.
  1291 | D:2      | Reached XP level 3. HP: 20/20 MP: 5/5
  1591 | D:2      | 1591 ||| UPGRADING to +0 ring mail.
  1601 | D:2      | 1601 ||| DROPPING +0 leather armour.
  1602 | D:2      | 1602 ||| UPGRADING to ring of protection from cold.
  1651 | D:3      | 1651 ||| PLANNING SEWER
  1687 | D:3      | Found a transporter.
  1699 | D:3      | Found a transporter.
  1766 | D:3      | Found a glowing drain.
  1767 | D:3      | 1767 ||| READING scroll labelled GOCEFALLOIDD.
  1767 | D:3      | 1767 ||| IDENTIFYING sedimented clear potion
  1768 | D:3      | 1768 ||| DROPPING potion of degeneration.
  1778 | Sewer    | Entered a sewer
  1781 | Sewer    | Reached skill level 7 in Ranged Weapons
  1835 | Sewer    | Noticed a kobold brigand
  1836 | Sewer    | Noticed a kobold brigand
  1846 | Sewer    | HP: 5/20 [poisoned by a kobold brigand]
  1847 | Sewer    | 1847 ||| READING 5 scrolls of teleportation.
  1848 | Sewer    | HP: 2/20 [poisoned by a kobold brigand]
  1849 | Sewer    | Killed a kobold brigand
  1850 | Sewer    | Reached skill level 8 in Ranged Weapons
  1850 | Sewer    | Reached XP level 4. HP: 2/25 MP: 6/6
  1852 | Sewer    | Succumbed to a kobold brigand's poison

Levels and vault maps discovered:
D:1:      tarquinn_simple_flora_water_b, layout_loops_ring,
          shapermc_ecumenical_altar_starsandcircs, st_stairs_8
D:2:      layout_basic
D:3:      gammafunk_steamed_eel, layout_basic, mainiacjoe_overflow_alcove_4,
          nicolae_hepliaklqana_hippocampus, serial_shops,
          nicolae_shop_bloodbath_and_beyond, portal_sewer_entry_b,
          corexii_corridor_pit
Sewer:    sewer_kobolds

Skill      XL: |  1  2  3 |
---------------+----------+-----
Ranged Weapons | 6 8 |  8.1
Fighting       | |  1.5
Dodging        | |  2.4
Stealth        | |  1.2

Action                     |  1- 3 |  4- 6 || total
---------------------------+-------+-------++-------
   Fire: Shortbow          |   107 |     2 ||   109
    Use: Scroll            |     6 |       ||     6
 Armour: Leather armour    |    15 |       ||    15
         Ring mail         |     5 |     1 ||     6
  Dodge: Dodged            |    31 |     2 ||    33

Table legend:
 A = Non-vault XP
 B = Vault XP
 C = Vault XP percentage of total XP
 D = Non-vault monster count
 E = Vault monster count
 F = Vault count percentage of total count
                 A         B        C        D         E       F
            +---------+---------+-------+---------+---------+-------
      Total |      52 |     118 |  69.4 |      31 |      15 |  32.6
            +---------+---------+-------+---------+---------+-------
        D:1 |      35 |       2 |   5.4 |      21 |       1 |   4.5
        D:2 |       7 |       0 |   0.0 |       4 |       0 |   0.0
        D:3 |      10 |       7 |  41.2 |       6 |       6 |  50.0
      Sewer |       0 |     109 | 100.0 |       0 |       8 | 100.0
            +---------+---------+-------+---------+---------+-------
